 Dungeon Crawl Stone Soup version 0.31-a0-986-g5e6e4ef867 (webtiles) character file.

Game seed: 16208349518840696846

5335 DocClef the Grappler (level 10, -5/98 (100) HPs)
             Began as a Troll Shapeshifter on Nov 18, 2023.
             Was an Elder of Okawaru.
             Slain by a catoblepas (13 damage)
             ... while petrified by a catoblepas
             ... on level 8 of the Dungeon.
             The game lasted 00:13:23 (6732 turns).

DocClef the Grappler (Troll Shapeshifter)           Turns: 6732, Time: 00:13:24

HP:   -5/98 (100)   AC: 13    Str: 28    XL:     10   Next: 38%
MP:   9/9           EV:  1    Int:  6    God:    Okawaru [****..]
Gold: 310           SH:  0    Dex:  9    Spells: 9/9 levels left

rFire   + .          .
                       - Unarmed
rCold   + . .        (no shield)
rNeg    + + +        h - -1 gold dragon scales
rPois   ∞            (helmet currently unavailable)
rElec   .            (cloak currently unavailable)
rCorr   .            (gloves unavailable)
SInv    .            (boots unavailable)
Will    .....        e - amulet of the acrobat Stlth
                     q - +5 ring of evasion
HPRegen 1.16/turn    m - +5 ring of evasion
MPRegen 0.11/turn

%: acrobat
@: beast-form, petrified, lightly drained
A: beast (slay +4), large, unfitting armour, claws 3, regeneration 1, shaggy fur
1, tough skin 1
a: Begin Untransformation, Renounce Religion, Heroism, Finesse


You were on level 8 of the Dungeon.
You worshipped Okawaru.
Okawaru was greatly pleased with you.
You were a hulking beast.
You visited 2 branches of the dungeon, and saw 10 of its levels.
You also visited: Sewer and Bailey.

You collected 1210 gold pieces.
You spent 900 gold pieces at shops.

Inventory:

Missiles
 D - a throwing net
Armour
 h - -1 gold dragon scales (worn)
 u - a +1 troll leather armour {Pargi}
Jewellery
 a - a ring of resist corrosion
 e - an amulet of the acrobat (around neck)
 m - a +5 ring of evasion (right claw)
 p - a ring of see invisible
 q - a +5 ring of evasion (left claw)
 s - a +6 ring of intelligence
Talismans
 c - a beast talisman
 d - a flux talisman
Wands
 y - a wand of acid (6)
 J - a wand of flame (61)
Scrolls
 g - 4 scrolls of teleportation
 i - 2 scrolls of identify
 j - 2 scrolls of fog
 n - a scroll of blinking
 t - 2 scrolls of immolation
 w - a scroll of enchant armour
 C - a scroll of revelation
 H - a scroll of fear
 K - a scroll of vulnerability
Potions
 b - 2 potions of lignification
 f - 2 potions of might
 k - 2 potions of magic
 l - 2 potions of haste
 o - 5 potions of heal wounds {unknown}
 r - 3 potions of mutation {unknown}
 v - a potion of attraction {unknown}
 x - 3 potions of berserk rage {unknown}
 z - 6 potions of curing {unknown}
 A - 5 potions of brilliance {unknown}
 B - 3 potions of cancellation {unknown}
 E - a potion of ambrosia {unknown}
 F - a potion of invisibility {unknown}


   Skills:
 + Level 6.5 Fighting
 + Level 6.6 Dodging
 + Level 8.4 Unarmed Combat
 + Level 7.7 Shapeshifting


You had 9 spell levels left.
You didn't know any spells.
Your spell library contained the following spells:

 Spells                   Type           Power      Damage    Failure   Level
 Dazzling Flash           Conj/Hex       0%         N/A       100%        3
 Volatile Blastmotes      Fire/Tloc      0%         2d10      100%        3
 Fulminant Prism          Conj/Hex       0%         3d5       100%        4
 Iskenderun's Mystic Bla  Conj/Tloc      0%         2d3       100%        4
 Borgnjor's Vile Clutch   Necr/Erth      0%         N/A       100%        5
 Starburst                Conj/Fire      0%         6d3       100%        6
 Maxwell's Capacitive Co  Air            0%         ∞         100%        8
 Animate Dead             Necr           Unusable   N/A       N/A         4
 Death Channel            Necr           Unusable   N/A       N/A         6

Dungeon Overview and Level Annotations

Branches:
Dungeon (9/15)             Temple (1/1) D:5            Lair (0/5) D:8
  Sewer (visited)          Bailey (visited)
    Orc: D:9-12

Altars:
Ashenzari
Cheibriados
Dithmenos
Elyvilon
Fedhas
Hepliaklqana
Kikubaaqudgha
Makhleb
Nemelex Xobeh
Okawaru
Qazlal
Ru
Sif Muna
Trog
Xom
Yredelemnul
Zin
The Shining One

Shops:
D:1 =   D:7 (*


Innate Abilities, Weirdness & Mutations

You are a hulking beast.
Your limbs bulge with bestial killing power. (Slay +4)
You are immune to poison.
You are too large for most types of armour.
You have claws for hands.
Your natural rate of healing is unusually fast.
You are covered in fur. (AC +1)
You have tough skin. (AC +1)


Message History

Unknown command.
Unknown command.
Unknown command.
The catoblepas breathes a plume of calcifying dust at you.
The blast of calcifying dust hits you but does no damage.
You claw the catoblepas!
The catoblepas is severely wounded.
The catoblepas breathes a plume of calcifying dust at you.
The blast of calcifying dust hits you but does no damage.
You claw the catoblepas!
The catoblepas is almost dead.
You are engulfed in calcifying dust.
You are slowing down.
The catoblepas gores you!
* * * LOW HITPOINT WARNING * * *
The catoblepas gores you.
* * * LOW HITPOINT WARNING * * *
Your limbs are stiffening.
You scratch the catoblepas.
The catoblepas is almost dead.
The catoblepas breathes a plume of calcifying dust at you.
The blast of calcifying dust hits you.
* * * LOW HITPOINT WARNING * * *
You have turned to stone.
You are engulfed in calcifying dust.
The catoblepas gores you!!
* * * LOW HITPOINT WARNING * * *
You are engulfed in calcifying dust.
The catoblepas gores you!
* * * LOW HITPOINT WARNING * * *
You are engulfed in calcifying dust.
The catoblepas gores you!
* * * LOW HITPOINT WARNING * * *
You are engulfed in calcifying dust.
The catoblepas breathes a plume of calcifying dust at you.
The blast of calcifying dust hits you but does no damage.
You are engulfed in calcifying dust.
The catoblepas breathes a plume of calcifying dust at you.
The blast of calcifying dust hits you but does no damage.
You are engulfed in calcifying dust.
The catoblepas gores you but does no damage.
The catoblepas gores you!!
You die...

##........######.# *,,,,,
.'.......^##...#.######## *,,8,,
##........##.#.#........# *,,,,,
#........##.#.#........# **,8,,
##'########.#<#........# *,,,,
#............#.######## *,8,,
#.#.######)#.#.# *,,,,
###.#.##...))#.#.# ***,,
....#.##.#####.#h#### ***
#####......)...#.Y.)#### *
....#...(.###..#.##....# *
###.#.#........#.#####.# ***** *
# #.#..........#.#***,,#**,,,** *
# #.#####..#...#.#*,,,,**,,,,,***
# #.#####..#...#.#*,,,,*,,,,,,,**
##........#,..#.#,,,,,*,,,,,,,**
##......#.##,,.#.#,,,,**,,,,,,,**


You could see a catoblepas.

Vanquished Creatures
  Jeremiah (D:8)
  Maggie (D:8)
  A komodo dragon (D:8)
  A hornet (D:7)
  5 yaks (D:7)
  3 water moccasins
  Pargi (D:3)
  3 orc warriors (Bailey)
  A sky beast (D:7)
  2 ice beasts
  An ogre (D:5)
  2 centaurs
  A phantom (D:6)
  4 kobold brigands
  8 bullfrogs
  A gnoll sergeant (D:9)
  2 scorpions
  10 wights
  A killer bee (D:8)
  A gnoll bouda (D:7)
  3 hounds (D:5)
  3 orc priests
  7 iguanas
  Ijyb (D:5)
  A sleepcap (D:8)
  6 orc wizards
  2 adders (D:4)
  7 gnolls
  2 river rats (D:4)
  2 white imps
  A worm (D:5)
  3 dart slugs
  47 orcs
  14 ball pythons
  5 endoplasms
  5 giant cockroaches
  12 goblins
  10 hobgoblins
  5 jackals (D:1)
  26 kobolds
  5 quokkas
  4 bats
  4 frilled lizards
  2 rats
  A spectral hobgoblin (D:3)
228 creatures vanquished.

Vanquished Creatures (others)
  An orc warrior (D:8)
  A kobold brigand (D:8)
  An orc (D:8)
3 creatures vanquished.

Grand Total: 231 creatures vanquished

Notes
Turn   | Place    | Note
-------+----------+-------------------------------------------
     0 | D:1      | DocClef the Troll Shapeshifter began the quest for the Orb.
     0 | D:1      | Reached XP level 1. HP: 18/18 MP: 0/0
   102 | D:1      | Reached skill level 1 in Fighting
   111 | D:1      | Reached XP level 2. HP: 24/27 MP: 1/1
   297 | D:1      | Found Ocimiot's Jewellery Emporium.
   499 | D:1      | Reached XP level 3. HP: 33/33 MP: 2/2
   850 | D:2      | Found a snail-covered altar of Cheibriados.
  1441 | D:3      | Noticed Pargi
  1470 | D:3      | HP: 1/33 [Pargi (5)]
  1473 | D:3      | Killed Pargi
  1474 | D:3      | Reached XP level 4. HP: 5/42 MP: 3/3
  1474 | D:3      | Reached XP level 5. HP: 6/49 MP: 4/4
  1625 | D:3      | Found a faded altar of an unknown god.
  1868 | D:3      | Found a sacrificial altar of Ru.
  1977 | D:3      | Found a hazy altar of Hepliaklqana.
  2259 | D:4      | Reached skill level 4 in Unarmed Combat
  2465 | D:4      | Found a glowing drain.
  2469 | Sewer    | Entered a sewer
  2485 | Sewer    | Noticed a water moccasin
  2499 | Sewer    | Killed a water moccasin
  2500 | Sewer    | Reached XP level 6. HP: 47/59 MP: 5/5
  2876 | D:4      | Found a bloodstained altar of Trog.
  3201 | D:5      | Entered Level 5 of the Dungeon
  3268 | D:5      | Reached XP level 7. HP: 55/67 MP: 6/6
  3283 | D:5      | Found a staircase to the Ecumenical Temple.
  3317 | Temple   | Entered the Ecumenical Temple
  3345 | Temple   | Became a worshipper of Warmaster Okawaru
  3372 | D:5      | You fall into a shaft and drop 2 floors!
  3392 | D:7      | Reached skill level 5 in Unarmed Combat
  3396 | D:7      | Found Aduwkima's Antique Weapon Shop.
  3416 | D:7      | Noticed a hornet
  3426 | D:7      | Killed a hornet
  3427 | D:7      | Reached skill level 5 in Shapeshifting
  3445 | D:7      | Reached XP level 8. HP: 78/78 MP: 7/7
  3472 | D:7      | Found a flagged portal.
  3485 | Bailey   | Entered a bailey
  3565 | Bailey   | Reached * piety under Okawaru
  3599 | Bailey   | Reached skill level 6 in Unarmed Combat
  3660 | Bailey   | Noticed an orc knight
  3933 | D:7      | Found Cinub's Lightly-Used Armoury.
  4297 | D:7      | Reached ** piety under Okawaru
  4298 | D:7      | Reached skill level 5 in Dodging
  4304 | D:7      | Reached XP level 9. HP: 86/87 MP: 8/8
  4311 | D:7      | Reached skill level 5 in Fighting
  4356 | D:7      | Noticed an eight-headed hydra
  4403 | D:7      | Identified a scroll of acquirement
  4403 | D:7      | Acquired 727 gold pieces
  4422 | D:7      | Bought -1 gold dragon scales for 900 gold pieces
  4619 | D:6      | Found a shadowy altar of Dithmenos.
  4686 | D:6      | Reached skill level 7 in Unarmed Combat
  4846 | D:6      | Found a white marble altar of Elyvilon.
  5709 | D:5      | Noticed Ijyb
  5715 | D:5      | Killed Ijyb
  5817 | D:5      | Found a stormy altar of Qazlal.
  6034 | D:8      | Noticed Jeremiah
  6086 | D:9      | Reached *** piety under Okawaru
  6271 | D:8      | Found a shimmering altar of Xom.
  6274 | D:8      | Reached XP level 10. HP: 70/98 MP: 9/9
  6304 | D:8      | Reached skill level 8 in Unarmed Combat
  6350 | D:8      | Found a staircase to the Lair.
  6402 | D:8      | Killed Jeremiah
  6431 | D:8      | Noticed Maggie
  6444 | D:8      | Killed Maggie
  6444 | D:8      | Reached **** piety under Okawaru
  6700 | D:8      | Noticed a catoblepas
  6728 | D:8      | HP: 3/98 [catoblepas (3)]
  6732 | D:8      | Slain by a catoblepas

Illustrated notes

Levels and vault maps discovered:
D:1:      lightli_molten_gateway, layout_loops_ring, serial_shops,
          nicolae_shop_temple_entry_statues_fountains, skrybe_limestone_x,
          nicolae_hexahallways
D:2:      layout_loops_ring, basic_altar
D:3:      layout_basic, nicolae_hepliaklqana_monster_ancestors,
          nicolae_ru_path_of_blood, chequers_ecumenical_altar_simple_redux,
          uniq_pargi
D:4:      layout_loops_ring, trog_antimagical, gup_sewer_entry_spiral
D:5:      layout_gridville, kennysheep_little_box,
          minmay_temple_entry_statues_pillars, uniq_ijyb
D:6:      layout_loops_cross, lemuel_crystal_altar,
          mainiacjoe_overflow_surrounded_room
D:7:      layout_basic, serial_shops, nicolae_shop_advertising_works
          [nicolae_subvault_shop_adworks], enter_bailey_4, minmay_shop_damaged,
          minmay_three_doors
D:8:      minmay_opposing_rooms, layout_basic, eat_drink_and_be_merry_uskayaw,
          xom_confusion_cloud, david_lair_shrubbed, uniq_maggie, uniq_jeremiah
D:9:      minmay_flawed_box, layout_irregular_city
Temple:   grunt_temple_mini_profane

Skill      XL: |  1  2  3  4  5  6  7  8  9 10 |
---------------+-------------------------------+-----
Fighting       | 1 2 3 4 6 |  6.5
Dodging        | 2 3 4 5 6 |  6.6
Unarmed Combat | 4 5 6 7 8 |  8.4
Shapeshifting  | 4 5 6 7 |  7.7

Action                     |  1- 3 |  4- 6 |  7- 9 | 10-12 || total
---------------------------+-------+-------+-------+-------++-------
  Melee: Unarmed           |   125 |   113 |   292 |    89 ||   619
         Punch             |       |     2 |     6 |     2 ||    10
 Invoke: Heroism           |       |       |     2 |     1 ||     3
    Use: Potion            |       |       |     3 |       ||     3
         Scroll            |       |       |    13 |     5 ||    18
 Armour: Animal skin       |   102 |       |       |       ||   102
         Troll leather arm |       |    29 |   110 |       ||   139
         Skin              |       |       |    38 |       ||    38
         Gold dragon scale |       |       |   112 |    63 ||   175
  Dodge: Dodged            |    98 |    92 |   382 |    49 ||   621

Table legend: (Time is in decaauts)
 A = Elapsed time spent in this place.
 B = Non-inter-level travel time spent in this place.
 C = Inter-level travel time spent in this place.
 D = Time resting spent in this place.
 E = Time spent auto-exploring this place.
 F = Levels seen in this place.
 G = Mean time per level.
                   A        B        C        D        E       F      G
               +--------+--------+--------+--------+--------+-----+--------+
         Total |   6667 |   6342 |    325 |     27 |   4657 |  12 |  555.6 |
       Dungeon |   6193 |   5917 |    276 |     27 |   4559 |   9 |  688.1 |
        Temple |     51 |      2 |     49 |      0 |      0 |   1 |   51.0 |
         Sewer |    148 |    148 |      0 |      0 |     50 |   1 |  148.0 |
        Bailey |    274 |    274 |      0 |      0 |     48 |   1 |  274.0 |
               +--------+--------+--------+--------+--------+-----+--------+

Top non-repeatable levels by time:
     D:7: 857 daAuts
     D:3: 818 daAuts
     D:5: 807 daAuts
     D:1: 794 daAuts
     D:4: 784 daAuts
     D:6: 759 daAuts
     D:2: 638 daAuts
     D:8: 513 daAuts
  Bailey: 274 daAuts
     D:9: 218 daAuts
   Sewer: 148 daAuts
  Temple: 51 daAuts
